 Dungeon Crawl Stone Soup version 0.32-a0-391-gce5c0aab1b (webtiles) character file.

Game seed: 3944282994255862439

84 hipposaver the Magician (level 4, -9/33 HPs)
             Began as a Djinni Conjurer on Feb 19, 2024.
             Mangled by Menkaure (23 damage)
             ... on level 3 of the Dungeon.
             The game lasted 00:03:46 (2169 turns).

hipposaver the Magician (Djinni Conjurer)           Turns: 2169, Time: 00:03:46

Health: -9/33      AC:  3    Str:  8    XL:     4   Next: 72%
Gold:   196        EV: 12    Int: 20    God:
                   SH:  0    Dex: 11

rFire   + + .        (no weapon)
rCold   x . .        (no shield)
rNeg    . . .        a - +0 robe
rPois   ∞            c - +0 helmet
rElec   .            (no cloak)
rCorr   .            (no gloves)
SInv    .            (boots unavailable)
Will    .....        (no amulet)
Stlth   ++           (no ring)
HPRegen 0.25/turn    (no ring)
MPRegen 0.00/turn

%: infuse magic (-10 HP)
@: flying
A: sickness immunity, fire resistance 2, cold vulnerability 1, float, innate
caster, HP casting, extra vitality 1
a: no special abilities


You were on level 3 of the Dungeon.
You visited 1 branch of the dungeon, and saw 4 of its levels.

You collected 196 gold pieces.

Inventory:

Armour
 a - a +0 robe (worn)
 c - a +0 helmet (worn)
Wands
 m - a wand of quicksilver (9)
Scrolls
 b - a scroll of poison
Potions
 d - a potion of degeneration
 e - a potion of brilliance {unknown}
 f - a potion of invisibility
 g - 2 potions of attraction {unknown}
 j - 3 potions of enlightenment
 l - a potion of curing {unknown}
 n - a potion of heal wounds {unknown}


   Skills:
 + Level 1.7 Fighting
 + Level 3.3 Dodging
 - Level 1.9 Stealth
 + Level 4.0 Spellcasting
 + Level 4.0 Conjurations
 + Level 4.0 Hexes
 + Level 4.0 Summonings
 + Level 4.0 Necromancy
 + Level 4.0 Translocations
 + Level 4.0 Fire Magic
 + Level 4.0 Ice Magic
 + Level 4.0 Air Magic
 + Level 4.0 Earth Magic
 + Level 4.0 Alchemy


You knew the following spells:

 Your Spells              Type           Power      Damage    Failure   Level
a - Magic Dart            Conj           80%        1d7       2%          1
b - Searing Ray           Conj           40%        2d5       3%          2
c - Fulminant Prism       Conj/Alch      10%        3d8       24%         4
d - Iskenderun's Mystic   Conj/Tloc      20%        2d6       24%         4
e - Summon Small Mammal   Summ           80%        N/A       2%          1
Your spell library was empty.

Dungeon Overview and Level Annotations

Branches:
Dungeon (4/15)
 Temple: D:4-7

Altars:

Annotations:
D:3 Menkaure
D:4 Blork the orc, Grinder


Innate Abilities, Weirdness & Mutations

You are immune to sickness and miasma.
You are immune to poison.
Your flesh is very heat resistant. (rF++)
You are vulnerable to cold. (rC-)
You float through the air rather than walking.
You learn spells naturally, not from books.
Your magical power is your life essence.
You have superior vitality. (+4 MHP)


Message History

You kill the jackal!
You fly downwards.
Level annotation: Grinder, Menkaure Menkaure giggles, "These cerements are ticklish..."
Menkaure mumbles some strange words.
Menkaure seems to speed up.
There is a stone staircase leading up here.
Unknown command.
Unknown command.
Unknown command.
Casting: Magic Dart (safe; 2% risk of failure)
Confirm with . or Enter, or press ? or * to list all spells.
Aiming: Searing Ray (safe; 3% risk of failure)
Press: ? - help, Shift-Dir - straight line, f - Menkaure
Aim: Menkaure (fast, 89% to hit)
The searing ray hits Menkaure.
Menkaure is moderately damaged. (Press . to maintain the ray.) Blork the orc comes into view.
He is wielding a +0 glaive of flaming.
Unknown command.
The searing ray hits Menkaure.
Menkaure is heavily damaged.
Grinder blinks!
Menkaure hits you but does no damage.
Grinder blinks!
Menkaure hits you!
You fly upwards.
There is a stone staircase leading down here.
Casting: Searing Ray (safe; 3% risk of failure)
Confirm with . or Enter, or press ? or * to list all spells.
Aiming: Searing Ray (safe; 3% risk of failure)
Press: ? - help, Shift-Dir - straight line, f - Menkaure
Aim: Menkaure (heavily damaged, fast, 89% to hit)
The searing ray hits Menkaure.
Menkaure is heavily damaged. (Press . to maintain the ray.) Menkaure barely misses you.
The searing ray hits Menkaure!
Menkaure is almost destroyed.
Menkaure hits you!!
Ouch! That really hurt!
You die...

#########.......###.#..
#..........####.#...+..
#..........'.##.#.#.#..
####...<......#.##.#.#.#..
#.............#.##...#.##'
#.............#.######.##.
#.............#.....##....
#....####'#########.##..##
#....# #@.########.##..##
#....####M†...............
#....#..........#######.##
#....#..........#######...
######..........# ######
#..........# #...##
#..........## #...##
#...........####...##
#.............##...##


You could see Menkaure (fast).

Vanquished Creatures
  4 adders
  2 dart slugs (D:3)
  An orc (D:3)
  2 endoplasms
  A goblin (D:3)
  3 hobgoblins
  3 jackals
  A kobold (D:2)
  2 quokkas
  5 ball pythons
  A rat (D:1)
25 creatures vanquished.

Notes
Turn   | Place    | Note
-------+----------+-------------------------------------------
     0 | D:1      | hipposaver the Djinni Conjurer began the quest for the Orb.
     0 | D:1      | hipposaver set off with the following spells memorised:
                  | Magic Dart, Searing Ray, Fulminant Prism, Iskenderun's
                  | Mystic Blast.
     0 | D:1      | Reached XP level 1. HP: 15/15 MP: 0/0
   263 | D:1      | Reached XP level 2. HP: 19/21 MP: 0/0
   711 | D:2      | Reached XP level 3. HP: 16/26 MP: 0/0
   711 | D:2      | Learned a level 1 spell: Summon Small Mammal
   960 | D:2      | Reached skill level 1 in Fighting
  1156 | D:2      | Reached XP level 4. HP: 32/32 MP: 0/0
  2132 | D:4      | Noticed Menkaure
  2133 | D:4      | Noticed Grinder
  2164 | D:4      | Noticed Blork the orc
  2169 | D:3      | Mangled by Menkaure

Illustrated notes

Levels and vault maps discovered:
D:1:      dpeg_arrival_pits, layout_loops_ring
D:2:      layout_loops_ring
D:3:      layout_basic
D:4:      layout_rooms, mainiacjoe_overflow_boulevard, serial_forest,
          infiniplex_forest_straight_2, infiniplex_forest_straight_1,
          infiniplex_forest_split, infiniplex_forest_end_3,
          infiniplex_forest_clump_medium, infiniplex_forest_clump_small,
          infiniplex_forest_fountain, st_stairs_13, uniq_grinder,
          uniq_blork_the_orc, uniq_menkaure

Skill      XL: |  1  2  3  4 |
---------------+-------------+-----
Fighting       | 1 |  1.7
Dodging        | 3 |  3.3
Spellcasting   | 4 |  4.0
Conjurations   | 4 |  4.0
Hexes          | 4 |  4.0
Summonings     | 4 |  4.0
Necromancy     | 4 |  4.0
Translocations | 4 |  4.0
Fire Magic     | 4 |  4.0
Ice Magic      | 4 |  4.0
Air Magic      | 4 |  4.0
Earth Magic    | 4 |  4.0
Alchemy        | 4 |  4.0
Stealth        | |  1.9

Action                     |  1- 3 |  4- 6 || total
---------------------------+-------+-------++-------
   Cast: Magic Dart        |    32 |    22 ||    54
         Searing Ray       |       |     7 ||     7
         Summon Small Mamm |       |     1 ||     1
    Use: Scroll            |     3 |     7 ||    10
 Armour: Robe              |     2 |     8 ||    10
  Dodge: Dodged            |     5 |     4 ||     9

Table legend: (Time is in decaauts)
 A = Elapsed time spent in this place.
 B = Non-inter-level travel time spent in this place.
 C = Inter-level travel time spent in this place.
 D = Time resting spent in this place.
 E = Time spent auto-exploring this place.
 F = Levels seen in this place.
 G = Mean time per level.
                   A        B        C        D        E       F      G
               +--------+--------+--------+--------+--------+-----+--------+
         Total |   2170 |   2118 |     52 |    308 |   1632 |   4 |  542.5 |
       Dungeon |   2170 |   2118 |     52 |    308 |   1632 |   4 |  542.5 |
               +--------+--------+--------+--------+--------+-----+--------+

Top non-repeatable levels by time:
     D:2: 852 daAuts
     D:3: 709 daAuts
     D:1: 595 daAuts
     D:4: 13 daAuts
